 Dungeon Crawl Stone Soup version 0.24.0-13-gcf9b319 (webtiles) character file.

Game seed: 386689407010047084, levelgen mode: deterministic

840 Fang the Skirmisher (level 8, 0/50 HPs)
             Began as a Gargoyle Berserker on Dec 10, 2019.
             Was a Priest of Trog.
             Slain by a phantom (4 damage)
             ... on level 5 of the Dungeon.
             The game lasted 00:05:04 (3787 turns).

Fang the Skirmisher (Gargoyle Berserker)            Turns: 3787, Time: 00:05:04

Health: 0/50       AC: 14    Str: 24    XL:     8   Next: 0%
Magic:  8/8        EV:  9    Int:  7    God:    Trog [***...]
Gold:   214        SH:  8    Dex:  9    Spells: 7/7 levels left

rFire    . . .     SeeInvis .   a - +0 hand axe
rCold    . . .     Gourm    .   l - +0 buckler (curse)
rNeg     + . .     Faith    .   b - +0 chain mail
rPois    ∞         Spirit   .   (no helmet)
rElec    +         Reflect  +   (no cloak)
rCorr    .         Harm     .   (no gloves)
MR       ++...                  p - +2 pair of boots
Stlth    ..........             k - +4 amulet of reflection
HPRegen  1.16/turn              q - ring of attention (curse)
MPRegen  0.11/turn              u - ring of stealth

@: corroded, berserk cooldown, regenerating, slowed, very slow
A: negative energy resistance 1, electricity resistance, unbreathing,
petrification resistance, rot immunity, AC +5
a: Berserk, Trog's Hand, Renounce Religion


You were on level 5 of the Dungeon.
You worshipped Trog.
Trog was most pleased with you.
You were hungry.

You visited 1 branch of the dungeon, and saw 5 of its levels.

You collected 214 gold pieces.

Inventory:

Hand Weapons
 a - a +0 hand axe (weapon)
Armour
 b - a +0 chain mail (worn)
 l - a cursed +0 buckler (worn)
 p - a +2 pair of boots (worn)
Jewellery
 k - a +4 amulet of reflection (around neck)
 q - a cursed ring of attention (left hand)
 u - a ring of stealth (right hand)
 v - the ring of Hamabo Nudou {*Slow +Fly rF+ MR+, unknown}
   (You found it on level 4 of the Dungeon)

   [ring of protection from magic]

   It protects you from fire.
   It affects your resistance to hostile enchantments.
   It lets you fly.
   It may slow you when you take damage.
Wands
 m - a wand of disintegration (17)
Scrolls
 d - 4 scrolls of identify {unknown}
 g - 2 scrolls of blinking {unknown}
 i - 2 scrolls of remove curse {unknown}
 s - 2 scrolls of teleportation {unknown}
Potions
 e - 3 potions of curing {unknown}
 f - 4 potions of flight {unknown}
 h - a potion of mutation {unknown}
 j - a potion of might {unknown}
 n - 2 potions of agility {unknown}
 o - a potion of ambrosia {unknown}
 r - a potion of heal wounds {unknown}
Comestibles
 c - 5 rations


   Skills:
 + Level 5.4 Fighting
 + Level 4.6 Axes
 + Level 4.7 Armour
 + Level 3.5 Dodging
 + Level 3.4 Shields


You had 7 spell levels left.
You didn't know any spells.
Your spell library was empty.

Dungeon Overview and Level Annotations

Branches:
Dungeon (5/15)
 Temple: D:4-7

Altars:
Elyvilon
Vehumet
Zin


Innate Abilities, Weirdness & Mutations

You are resistant to torment.
Your stone body is resilient. (AC +5)
You are immune to poison.
You resist negative energy. (rN+)
You are resistant to electric shocks. (rElec)
You can survive without breathing.
You are immune to petrification.
You are immune to rotting.


Message History

You hit the phantom but do no damage. You barely miss the kobold.
You hit the jelly.
Your hands burn!
* * * LOW HITPOINT WARNING * * *
You barely miss the quokka skeleton. You barely miss the adder.
The adder barely misses you. The jelly barely misses you.
The quokka skeleton barely misses you.
The crimson imp sputters.
The crimson imp blinks!
The kobold closely misses you. The adder closely misses you.
The phantom hits you but does no damage.
The jelly completely misses you.
Your skin crawls.
You feel resistant to hostile enchantments.
You feel somewhat more hungry. The adder barely misses you.
The quokka skeleton bites you.
* * * LOW HITPOINT WARNING * * *
You block the phantom's attack. You block the kobold's attack.
The adder bites you but does no damage. The jelly closely misses you.
The quokka skeleton closely misses you. The phantom hits you.
You die...

........ .# #. ..#....
#......# ..##.
##........#.......
...$.###.......).........
............... ........
.............# #.....
#'..5.....###.##.....
#.JZS.....#...##.#.#
#.K@W...........###.
##(####.#.##....<#.. ##o#
##.# ###...#.. #..#
#..#######.....
#..###...##..#..##..
#..##..#.##.....###. '###
###'..#...#..#......##.
.....#.....#..##.........##.
........#......#............


You could see a phantom, a jelly, an orc wizard (mute), a crimson imp, an adder,
a kobold and a quokka skeleton.

Vanquished Creatures
  Eustachio (D:4)
  Edmund (D:4)
  An ogre (D:5)
  A scorpion (D:4)
  A howler monkey (D:4)
  2 hounds (D:4)
  2 orc wizards (D:4)
  A bullfrog skeleton (D:5)
  Natasha (twice) (D:2)
  A worker ant (D:5)
  3 gnolls (D:5)
  A howler monkey skeleton (D:4)
  6 adders
  6 dart slugs
  A leopard gecko (D:3)
  6 orcs
  3 giant cockroaches
  5 goblins
  10 hobgoblins
  2 jackals (D:5)
  4 quokkas
  A ball python (D:4)
  10 bats
  4 frilled lizards
  A jackal zombie (D:4)
  5 kobolds
  A quokka skeleton (D:4)
  7 rats
89 creatures vanquished.

Notes
Turn   | Place    | Note
-------+----------+-------------------------------------------
     0 | D:1      | Fang the Gargoyle Berserker began the quest for the Orb.
     0 | D:1      | Reached XP level 1. HP: 14/14 MP: 1/1
   364 | D:1      | Reached XP level 2. HP: 19/19 MP: 2/2
   696 | D:1      | Reached XP level 3. HP: 22/23 MP: 3/3
   943 | D:2      | Noticed Natasha
   957 | D:2      | Killed Natasha
   957 | D:2      | Reached ** piety under Trog
   957 | D:2      | Reached XP level 4. HP: 16/29 MP: 4/4
  1251 | D:2      | Reached skill level 4 in Fighting
  1317 | D:2      | Noticed Natasha
  1326 | D:2      | Killed Natasha
  1326 | D:2      | Reached XP level 5. HP: 20/33 MP: 5/5
  1356 | D:2      | Found a glowing silver altar of Zin.
  1478 | D:2      | Reached skill level 1 in Shields
  1808 | D:3      | Found a white marble altar of Elyvilon.
  2167 | D:3      | Found a radiant altar of Vehumet.
  2627 | D:4      | Reached XP level 6. HP: 33/39 MP: 6/6
  2658 | D:4      | Noticed Edmund
  2693 | D:4      | Killed Edmund
  2864 | D:4      | Reached XP level 7. HP: 25/44 MP: 7/7
  3185 | D:4      | Noticed Eustachio
  3206 | D:4      | Killed Eustachio
  3206 | D:4      | Reached skill level 5 in Fighting
  3398 | D:4      | Reached *** piety under Trog
  3463 | D:4      | Got a heavily runed iron ring
  3695 | D:5      | Entered Level 5 of the Dungeon
  3764 | D:5      | HP: 3/66 [gnoll/+0 halberd (1)]
  3767 | D:5      | Reached XP level 8. HP: 6/50 MP: 8/8
  3787 | D:5      | Slain by a phantom

Levels and vault maps discovered:
D:1:      saegor_arrival_simple_e, layout_basic
D:2:      layout_basic, zin_statuary, uniq_natasha
D:3:      layout_loops_corners, vehumet_crystals, elyvilon_altar_5
D:4:      layout_loops_ring, uniq_eustachio, uniq_edmund
D:5:      layout_cave_pools, nicolae_ru_great_annihilating_truth,
          enter_ossuary_1, first_ration, minmay_misc_feat_iff

Skill      XL: |  1  2  3  4  5  6  7 |
---------------+----------------------+-----
Axes           | 3 4 |  4.6
Dodging        | 2 3 |  3.5
Armour         | 3 4 |  4.7
Fighting       | 4 5 |  5.4
Shields        | 1 2 3 |  3.4

Action                   |  1- 3 |  4- 6 |  7- 9 || total
-------------------------+-------+-------+-------++-------
Melee: Hand axe          |    94 |   227 |    95 ||   416
Invok: Berserk           |     1 |     2 |     2 ||     5
       Trog's Hand       |       |     1 |     2 ||     3
  Eat: Chunk             |       |     9 |     6 ||    15
Armor: Animal skin       |    46 |    33 |       ||    79
       Chain mail        |       |    64 |    85 ||   149
Dodge: Dodged            |    84 |   105 |    68 ||   257
Block: Other             |     7 |     1 |       ||     8
       Buckler           |       |    62 |    52 ||   114
